 Dungeon Crawl Stone Soup version 0.24-a0-176-gc3651c4 (console) character file.

Game seed: 10428704443607962409

14 Duffy the Ruffian (level 2, 5/23 HPs)
             Began as a Draconian Transmuter on Mar 12, 2019.
             Quit the game on level 2 of the Dungeon.
             The game lasted 00:00:14 (95 turns).

Duffy the Ruffian (Draconian Transmuter)              Turns: 95, Time: 00:00:15

Health: 5/23       AC:  4    Str: 12    XL:     2   Next: 31%
Magic:  5/5        EV: 12    Int: 13    God:
Gold:   12         SH:  0    Dex: 11    Spells: 4/5 levels left

rFire    . . .     SeeInvis .     - Unarmed
rCold    . . .     Gourm    .   (no shield)
rNeg     . . .     Faith    .   (armour unavailable)
rPois    .         Spirit   .   (helmet restricted)
rElec    .         Reflect  .   (no cloak)
rCorr    .         Harm     .   (no gloves)
MR       .....                  (no boots)
Stlth    +.........             (no amulet)
HPRegen  0.07/turn              (no ring)
MPRegen  0.09/turn              (no ring)

@: lethally poisoned (5 -> -1)
A: unfitting armour, cold-blooded, AC +4
a: no special abilities


You were on level 2 of the Dungeon.
You were not hungry.

You visited 1 branch of the dungeon, and saw 2 of its levels.

You collected 12 gold pieces.

Inventory:

Missiles
 a - 12 arrows
Comestibles
 b - 2 chunks of flesh
 c - a ration


   Skills:
 - Level 1.1 Fighting
 - Level 1.7 Dodging
 + Level 3.8 Unarmed Combat
 - Level 2.0 Spellcasting
 - Level 2.0 Transmutations


You had 4 spell levels left.
You knew the following spells:

 Your Spells              Type           Power        Failure   Level  Hunger
h - Beastly Appendage     Tmut           #.....       11%         1    ##.....

Your spell library contained the following spells:

 Spells                   Type           Power        Failure   Level  Hunger
 Sticks to Snakes         Tmut           #.......     17%         2    ###....
 Spider Form              Tmut/Pois      #.........   45%         3    ####...
 Ice Form                 Ice/Tmut       #.......     86%         4    #####..
 Blade Hands              Tmut           #.........   97%         5    ######.


Dungeon Overview and Level Annotations

Branches:
Dungeon (2/15)

Altars:
Vehumet


Innate Abilities, Weirdness & Mutations

Your plain brown scales are hard. (AC +4)
You cannot fit into any form of body armour.
You are cold-blooded and may be slowed by cold attacks.


Message History

You are too injured to fight recklessly!
You are too injured to fight recklessly!
You are too injured to fight recklessly!
You are too injured to fight recklessly!
You are too injured to fight recklessly!
You are too injured to fight recklessly!
You hit the adder.
The adder is severely wounded.
You feel sick. The bat closely misses you. The adder bites you.
You are more poisoned.
The adder poisons you!
You hit the adder.
You kill the adder!
You have reached level 2!
The bat misses you.
There is a lethal amount of poison in your body!
You aren't carrying any potions.
You closely miss the bat.
You feel sick. The bat closely misses you. The bat barely misses you.
Are you sure you want to abandon this character and quit the game? (Confirm with "yes".)

#...#................#
#... #............#....
#.. +..##.............
#. #.....##..#...... #
#............##
#............#
#.....##..%.## ######
#......<....## .....#
#......####.@###.....##
#......##...b%.........
..............#...#.....
..............###.## ...
......##....... ...# .
...... #....... ._...
... #.......#...#..
#......###.###..# ....
... ..#


You could see a bat.

Vanquished Creatures
  An adder (D:2)
  A leopard gecko (D:2)
  A goblin (D:1)
  A hobgoblin (D:2)
  A ball python (D:2)
5 creatures vanquished.

Notes
Turn   | Place    | Note
-------+----------+-------------------------------------------
     0 | D:1      | Duffy the Draconian Transmuter began the quest for the Orb.
     0 | D:1      | Reached XP level 1. HP: 16/16 MP: 3/3
    75 | D:2      | Found a radiant altar of Vehumet.
    93 | D:2      | Reached XP level 2. HP: 6/23 MP: 5/5
    95 | D:2      | Quit the game

Levels and vault maps discovered:
D:1:      mushboom_english_gardens, layout_loops_corners, serial_forest,
          infiniplex_forest_clump_medium, infiniplex_forest_lined_room_3,
          infiniplex_forest_straight_3, infiniplex_forest_lined_corner,
          infiniplex_forest_clump_medium, infiniplex_forest_clump_double,
          infiniplex_forest_straight_2, infiniplex_forest_clump_curved,
          infiniplex_forest_diagonal
D:2:      layout_basic, vehumet_crystals, chequers_ecumenical_altar_island

Action                   || total
-------------------------++-------
Melee: Unarmed           ||    22
       Tailslap          ||     1
       Punch             ||     1
 Stab: Sleeping          ||     1
Armor: Skin              ||     9
Dodge: Dodged            ||    27

Table legend:
 A = Non-vault XP
 B = Vault XP
 C = Vault XP percentage of total XP
 D = Non-vault monster count
 E = Vault monster count
 F = Vault count percentage of total count
                 A         B        C        D         E       F
            +---------+---------+-------+---------+---------+-------
      Total |      21 |       0 |   0.0 |       5 |       0 |   0.0
            +---------+---------+-------+---------+---------+-------
        D:1 |       2 |       0 |   0.0 |       1 |       0 |   0.0
        D:2 |      19 |       0 |   0.0 |       4 |       0 |   0.0
            +---------+---------+-------+---------+---------+-------
